[Event "GER-ch Youth U14w 2019"]
[Site "Willingen"]
[Date "2019.06.14"]
[Round "8.5"]
[White "Schmidt, Pauline"]
[Black "Buchholz, Maja"]
[Result "0-1"]
[ECO "C02"]
[WhiteElo "1620"]
[BlackElo "1657"]
[Annotator "NA"]
[PlyCount "116"]
[EventDate "2019.06.07"]
[EventType "swiss"]
[EventRounds "9"]
[EventCountry "GER"]
[SourceTitle "playchess.com"]
[Source "ChessBase"]
[SourceQuality "1"]
[TimeControl "40/5400+30:1800+30"]

1. e4 e6 2. d4 d5 3. e5 c5 4. c3 Qb6 5. Nf3 Nc6 6. a3 Bd7 7. Be2 cxd4 8. cxd4 Nge7 9. b4 Nf5 10. Be3 a6 11. O-O Be7 12. Nc3 Qa7 13. b5 axb5 14. Nxb5 Qb8 15. a4 f6 16. Rc1 O-O 17. Bf4 Bb4 18. h3 Ra5 19. Bh2 Qa8 20. exf6 Rxf6 21. Ra1 Qe8 22. Kh1 Na7 23. Qb3 Qe7 24. g4 Rh6 25. gxf5 exf5 26. Qxd5+ Kf8 27. Bc4 Be6 28. Bd6 Bxd6 29. Qxd6 Bxc4 30. Rfe1 Rxd6 31. Rxe7 Kxe7 32. Nxd6 Kxd6 33. Kh2 Bd5 34. Nh4 g6 35. Kg3 Nc6 36. Kf4 Nxd4 37. Kg5 Nf3+ 38. Nxf3 Bxf3 39. Kh6 b5 40. Kxh7 Bh5 41. Kh6 Rxa4 42. Rb1 Kc5 43. Kg5 Rc4 44. h4 Rg4+ 45. Kf6 Rxh4 46. Kg5 Rg4+ 47. Kf6 Rf4 48. Rc1+ Kb4 49. Rb1+ Kc4 50. Rc1+ Kd3 51. Rb1 b4 52. Ke5 Re4+ 53. Kd5 Kc2 54. Ra1 b3 55. Ra5 b2 56. Rc5+ Kb1 57. Ra5 Re2 58. f4 Kc1 {[%emt 0:00:00] normal} 0-1

[Event "GER-ch Youth U14w 2019"]
[Site "Willingen"]
[Date "2019.06.14"]
[Round "8.6"]
[White "Heutling, Elina"]
[Black "Avetyan, Manan"]
[Result "1-0"]
[ECO "C70"]
[WhiteElo "1712"]
[BlackElo "1307"]
[Annotator "NA"]
[PlyCount "49"]
[EventDate "2019.06.07"]
[EventType "swiss"]
[EventRounds "9"]
[EventCountry "GER"]
[SourceTitle "playchess.com"]
[Source "ChessBase"]
[SourceQuality "1"]
[TimeControl "40/5400+30:1800+30"]

1. e4 e5 2. Nf3 Nc6 3. Bb5 a6 4. Ba4 Nge7 5. O-O g6 6. c3 Bg7 7. d4 exd4 8. cxd4 b5 9. Bc2 d6 10. h3 O-O 11. Be3 Bb7 12. Qd2 f5 13. Bh6 a5 14. Bxg7 Kxg7 15. d5 Nb4 16. Nd4 Bc8 17. Nc3 Nxc2 18. Qxc2 b4 19. Ncb5 fxe4 20. Nxc7 Kg8 21. Nxa8 Ba6 22. Nc7 Bxf1 23. Rxf1 Qd7 24. Nce6 Rc8 25. Qxe4 {[%emt 0:00:32] normal} 1-0

[Event "GER-ch Youth U14w 2019"]
[Site "Willingen"]
[Date "2019.06.14"]
[Round "8.7"]
[White "Bildat, Emilia"]
[Black "Wagner, Margarethe"]
[Result "1-0"]
[ECO "A20"]
[WhiteElo "1649"]
[BlackElo "1741"]
[Annotator "NA"]
[PlyCount "75"]
[EventDate "2019.06.07"]
[EventType "swiss"]
[EventRounds "9"]
[EventCountry "GER"]
[SourceTitle "playchess.com"]
[Source "ChessBase"]
[SourceQuality "1"]
[TimeControl "40/5400+30:1800+30"]

1. c4 e5 2. g3 Nf6 3. Bg2 d5 4. cxd5 Nxd5 5. Nc3 Nb6 6. Nf3 Nc6 7. O-O Be7 8. a3 Be6 9. b4 a6 10. d3 O-O 11. Bb2 f6 12. Rc1 Rb8 13. Ne4 Nd7 14. Nfd2 Na7 15. Nb3 b6 16. d4 Kh8 17. d5 Bf7 18. Bh3 Nb5 19. Be6 Nd6 20. Nxd6 Bxd6 21. Qd3 Qe7 22. Bh3 Rfd8 23. e4 Ra8 24. Nd2 Nb8 25. Nc4 Be8 26. Nxd6 Qxd6 27. Qc3 c6 28. Rfd1 Qe7 29. Rd2 Ra7 30. Rcd1 cxd5 31. exd5 Bd7 32. d6 Qe8 33. Qc7 Bxh3 34. Qxa7 Qc6 35. Rd5 Rc8 36. Qf7 Qc4 37. d7 Rd8 38. Qe8+ {[%emt 0:00:31] normal} 1-0

[Event "GER-ch Youth U14w 2019"]
[Site "Willingen"]
[Date "2019.06.14"]
[Round "8.8"]
[White "Zoellner, Bente"]
[Black "Kalina, Lena"]
[Result "1/2-1/2"]
[ECO "E77"]
[WhiteElo "1530"]
[BlackElo "1687"]
[Annotator "NA"]
[PlyCount "106"]
[EventDate "2019.06.07"]
[EventType "swiss"]
[EventRounds "9"]
[EventCountry "GER"]
[SourceTitle "playchess.com"]
[Source "ChessBase"]
[SourceQuality "1"]
[TimeControl "40/5400+30:1800+30"]

1. d4 Nf6 2. c4 g6 3. Nc3 Bg7 4. e4 d6 5. f4 O-O 6. Nf3 c5 7. d5 e6 8. dxe6 fxe6 9. Bd3 Nc6 10. O-O Nh5 11. Ne2 b6 12. a3 Bb7 13. Rb1 a5 14. Qe1 a4 15. g4 Nf6 16. Qh4 Nd7 17. Qh3 Na5 18. Ng5 Rf6 19. Nxh7 Rf7 20. Ng5 Rf6 21. Qh7+ Kf8 22. f5 gxf5 23. exf5 exf5 24. Rxf5 Qe7 25. Rxf6+ Nxf6 26. Qf5 Bc8 27. Nh7+ Ke8 28. Nxf6+ Bxf6 29. Qg6+ Kd8 30. Bf4 Kc7 31. g5 Be5 32. Qh7 Qxh7 33. Bxh7 Be6 34. Bxe5 dxe5 35. Nc3 Nxc4 36. Re1 Rd8 37. g6 Kc6 38. Kf2 Bg8 39. Bxg8 Rxg8 40. Rg1 Nxb2 41. g7 Nd3+ 42. Ke3 Nf4 43. h4 b5 44. Rg5 Ne6 45. Rg6 Kd7 46. h5 Rxg7 47. Nxb5 Rxg6 48. hxg6 Ke7 49. Ke4 Kf6 50. Nc3 Kxg6 51. Nxa4 Kf6 52. Nb6 Ng5+ 53. Ke3 Ke6 {[%emt 0:00:28] normal} 1/2-1/2

[Event "GER-ch Youth U14w 2019"]
[Site "Willingen"]
[Date "2019.06.14"]
[Round "8.9"]
[White "Adelhardt, Lisa"]
[Black "Petersen, Sophie"]
[Result "1-0"]
[ECO "B23"]
[WhiteElo "1293"]
[BlackElo "1430"]
[Annotator "NA"]
[PlyCount "91"]
[EventDate "2019.06.07"]
[EventType "swiss"]
[EventRounds "9"]
[EventCountry "GER"]
[SourceTitle "playchess.com"]
[Source "ChessBase"]
[SourceQuality "1"]
[TimeControl "40/5400+30:1800+30"]

1. e4 c5 2. Nc3 d6 3. Bb5+ Nd7 4. f4 g6 5. Nf3 Bg7 6. d3 e6 7. Bd2 Ne7 8. O-O a6 9. Bxd7+ Bxd7 10. Rb1 O-O 11. Qe1 Rc8 12. Qg3 Bc6 13. Qh3 d5 14. e5 Nf5 15. g4 Nd4 16. Nxd4 cxd4 17. Ne2 Qb6 18. g5 Rfd8 19. Ng3 Be8 20. Rfc1 Qb5 21. Nh1 Qa4 22. b3 Qxa2 23. Ra1 Qb2 24. Bb4 Rxc2 25. Rcb1 Rxh2 26. Qxh2 Qxh2+ 27. Kxh2 Bb5 28. Nf2 h6 29. Be7 Re8 30. gxh6 Bxh6 31. Bg5 Bg7 32. Rg1 Rc8 33. Rac1 Re8 34. Kg2 Bf8 35. Bf6 Bg7 36. Bxg7 Kxg7 37. Kf3 Rf8 38. Ke2 Bc6 39. Ng4 Rd8 40. Rh1 Kf8 41. Rh8+ Ke7 42. Rxd8 Kxd8 43. Rh1 Kc7 44. Kd2 Kb6 45. Kc2 Kb5 46. Rh7 {[%emt 0:03:43] normal} 1-0

[Event "GER-ch Youth U14w 2019"]
[Site "Willingen"]
[Date "2019.06.14"]
[Round "8.10"]
[White "Liu, Sijia Anna"]
[Black "Becker, Linda"]
[Result "1-0"]
[ECO "C17"]
[WhiteElo "1705"]
[BlackElo "1683"]
[Annotator "NA"]
[PlyCount "84"]
[EventDate "2019.06.07"]
[EventType "swiss"]
[EventRounds "9"]
[EventCountry "GER"]
[SourceTitle "playchess.com"]
[Source "ChessBase"]
[SourceQuality "1"]
[TimeControl "40/5400+30:1800+30"]

1. e4 e6 2. d4 d5 3. Nc3 Bb4 4. e5 c5 5. Bd2 cxd4 6. Nb5 Bc5 7. Qg4 Bf8 8. Nd6+ Bxd6 9. Qxg7 Bxe5 10. Qxe5 Qf6 11. Qxf6 Nxf6 12. Nf3 Nc6 13. O-O-O Ne4 14. Be1 e5 15. Nd2 Be6 16. f3 Nd6 17. Nb3 b6 18. Bg3 Nc4 19. Bxc4 dxc4 20. Nd2 O-O-O 21. Rhe1 Rd5 22. Nxc4 f6 23. f4 Bg4 24. Ne3 Bxd1 25. Nxd5 exf4 26. Bxf4 Bh5 27. Nxf6 Bg6 28. a3 Kb7 29. Ne4 Ka6 30. Nd6 Rf8 31. g3 b5 32. Re6 Kb6 33. Kd2 Kc5 34. Ne4+ Bxe4 35. Rxe4 Kd5 36. Re2 Rf7 37. Kd3 a5 38. Re8 Rb7 39. Rg8 Re7 40. Rg5+ Ne5+ 41. Rxe5+ Rxe5 42. Bxe5 Kxe5 {[%emt 0:00:08] normal} 1-0

[Event "GER-ch Youth U14w 2019"]
[Site "Willingen"]
[Date "2019.06.14"]
[Round "8.11"]
[White "Albayrak, Nese Pinar"]
[Black "Oswald, Hannah"]
[Result "0-1"]
[ECO "B06"]
[WhiteElo "1530"]
[BlackElo "1632"]
[Annotator "NA"]
[PlyCount "90"]
[EventDate "2019.06.07"]
[EventType "swiss"]
[EventRounds "9"]
[EventCountry "GER"]
[SourceTitle "playchess.com"]
[Source "ChessBase"]
[SourceQuality "1"]
[TimeControl "40/5400+30:1800+30"]

1. e4 g6 2. d4 Bg7 3. Nf3 d6 4. h3 e6 5. Bf4 Nd7 6. c3 a6 7. Nbd2 Ne7 8. Bd3 b6 9. Qe2 Bb7 10. O-O h6 11. e5 d5 12. Nh2 Nf5 13. Bxf5 gxf5 14. Qh5 Qe7 15. Rac1 O-O-O 16. c4 dxc4 17. Nxc4 Kb8 18. Ne3 Nf8 19. Nc2 Ng6 20. Bd2 Nxe5 21. Bb4 c5 22. Bxc5 bxc5 23. dxe5 Bxe5 24. Rfe1 Bxh2+ 25. Kxh2 Rhg8 26. Ne3 Qc7+ 27. Kh1 Rd3 28. Rg1 Rdd8 29. b4 Qf4 30. Qe2 cxb4 31. Rc4 Qd6 32. Rd1 Bxg2+ 33. Nxg2 Qxd1+ 34. Qxd1 Rxd1+ 35. Kh2 a5 36. Rc5 Rd2 37. Kg1 Rxa2 38. Kf1 Ra1+ 39. Ne1 Rc8 40. Rb5+ Ka7 41. Ke2 Rb8 42. Re5 b3 43. Re3 b2 44. Nc2 b1=Q 45. Nxa1 Qxa1 {[%emt 0:00:08] normal} 0-1

[Event "GER-ch Youth U14w 2019"]
[Site "Willingen"]
[Date "2019.06.14"]
[Round "8.12"]
[White "Zixin, Li"]
[Black "Werner, Rosalie"]
[Result "1/2-1/2"]
[ECO "C11"]
[WhiteElo "1284"]
[BlackElo "1610"]
[Annotator "NA"]
[PlyCount "55"]
[EventDate "2019.06.07"]
[EventType "swiss"]
[EventRounds "9"]
[EventCountry "GER"]
[SourceTitle "playchess.com"]
[Source "ChessBase"]
[SourceQuality "1"]
[TimeControl "40/5400+30:1800+30"]

1. e4 e6 2. d4 d5 3. Nc3 Nf6 4. e5 Nfd7 5. f4 a6 6. Nf3 c5 7. dxc5 Bxc5 8. Ne2 b5 9. Qd3 Qb6 10. Ned4 g6 11. Be3 Nc6 12. Qd2 Bb7 13. Be2 Rc8 14. O-O h5 15. c3 Qc7 16. Ng5 Nxd4 17. Bxd4 Bxd4+ 18. Qxd4 Kf8 19. Bd3 Qb6 20. Nf3 Kg7 21. Qxb6 Nxb6 22. Nd4 Nc4 23. Bxc4 dxc4 24. h4 Rhd8 25. g3 Rc7 26. Kf2 {[%emt 0:03:20] normal} Be4 27. Ke3 {[%emt 0:00:35] normal} Bd3 28. Rfd1 {[%emt 0:01:39] normal} 1/2-1/2

[Event "GER-ch Youth U14w 2019"]
[Site "Willingen"]
[Date "2019.06.15"]
[Round "9.1"]
[White "Butenandt, Svenja"]
[Black "Bashylina, Luisa"]
[Result "0-1"]
[ECO "E73"]
[WhiteElo "1722"]
[BlackElo "1886"]
[Annotator "NA"]
[PlyCount "47"]
[EventDate "2019.06.07"]
[EventType "swiss"]
[EventRounds "9"]
[EventCountry "GER"]
[SourceTitle "playchess.com"]
[Source "ChessBase"]
[SourceQuality "1"]
[TimeControl "40/5400+30:1800+30"]

1. d4 Nf6 2. c4 g6 3. Nc3 Bg7 4. e4 d6 5. Be2 O-O 6. Bg5 h6 7. Be3 e5 8. d5 Nbd7 9. Qd2 Nc5 10. f3 Nh5 11. g4 Nf4 12. Bxf4 exf4 13. Qxf4 Qe7 14. O-O-O a5 15. Qd2 a4 16. h4 a3 17. b4 Na4 18. Nxa4 Rxa4 19. Kc2 Qe5 20. Rb1 Bd7 21. Bd3 Raa8 22. Kd1 Qd4 {[%emt 0:05:59] normal} 23. Ne2 Qf2 24. Ng1 {[%emt 0:01:18] normal} 0-1

[Event "GER-ch Youth U14w 2019"]
[Site "Willingen"]
[Date "2019.06.15"]
[Round "9.2"]
[White "Buchholz, Maja"]
[Black "Doll, Rebecca"]
[Result "0-1"]
[ECO "C44"]
[WhiteElo "1657"]
[BlackElo "1678"]
[Annotator "NA"]
[PlyCount "67"]
[EventDate "2019.06.07"]
[EventType "swiss"]
[EventRounds "9"]
[EventCountry "GER"]
[SourceTitle "playchess.com"]
[Source "ChessBase"]
[SourceQuality "1"]
[TimeControl "40/5400+30:1800+30"]

1. e4 e5 2. Nf3 Nc6 3. d4 exd4 4. Nxd4 Nf6 5. Nc3 Bb4 6. Nxc6 bxc6 7. Bd3 d5 8. exd5 O-O 9. O-O cxd5 10. h3 c6 11. Bg5 Be6 12. Qf3 Rb8 13. Na4 Re8 14. Rac1 Be7 15. Rfe1 h6 16. Bf4 Rb4 17. b3 Bd6 18. Bd2 Rb7 19. Be3 Ne4 20. Bxe4 dxe4 21. Qxe4 Bxb3 22. Qxc6 Rc7 23. Qa6 Bxc2 24. Bxa7 Rxe1+ 25. Rxe1 Bb4 26. Re3 Qd1+ 27. Kh2 Bxa4 28. Rd3 Qc2 29. Rd4 Rc6 30. Qb7 Ba3 31. Rd8+ Kh7 32. Qxf7 Rf6 33. Qg8+ Kg6 34. Bd4 {[%emt 0:00:29] normal} 0-1

[Event "GER-ch Youth U14w 2019"]
[Site "Willingen"]
[Date "2019.06.15"]
[Round "9.6"]
[White "Yue, Qizhou"]
[Black "Bildat, Emilia"]
[Result "1-0"]
[ECO "B24"]
[WhiteElo "1840"]
[BlackElo "1649"]
[Annotator "NA"]
[PlyCount "38"]
[EventDate "2019.06.07"]
[EventType "swiss"]
[EventRounds "9"]
[EventCountry "GER"]
[SourceTitle "playchess.com"]
[Source "ChessBase"]
[SourceQuality "1"]
[TimeControl "40/5400+30:1800+30"]

1. e4 c5 2. Nc3 Nc6 3. Bb5 g6 4. Bxc6 dxc6 5. d3 Bg7 6. f4 c4 7. Nf3 cxd3 8. cxd3 Bg4 9. O-O Qb6+ 10. Kh1 O-O-O 11. h3 Bxf3 12. Qxf3 e6 13. a3 Ne7 14. Qe2 Qb3 15. a4 a5 16. Ra3 Qb6 17. Be3 Bd4 18. Bxd4 Rxd4 19. Qf2 Rhd8 {[%emt 0:04:31] normal} 1-0

[Event "GER-ch Youth U14w 2019"]
[Site "Willingen"]
[Date "2019.06.15"]
[Round "9.7"]
[White "Avetyan, Manan"]
[Black "Liu, Sijia Anna"]
[Result "0-1"]
[ECO "B43"]
[WhiteElo "1307"]
[BlackElo "1705"]
[Annotator "NA"]
[PlyCount "93"]
[EventDate "2019.06.07"]
[EventType "swiss"]
[EventRounds "9"]
[EventCountry "GER"]
[SourceTitle "playchess.com"]
[Source "ChessBase"]
[SourceQuality "1"]
[TimeControl "40/5400+30:1800+30"]

1. e4 c5 2. Nf3 e6 3. d4 cxd4 4. Nxd4 a6 5. Nc3 Qc7 6. g3 Bb4 7. Bd2 Nf6 8. Bg2 Nc6 9. Nb3 O-O 10. O-O Be7 11. Kh1 d6 12. f4 b5 13. a3 Re8 14. Qe2 Bb7 15. g4 Rac8 16. g5 Nd7 17. Rf3 g6 18. h4 Nc5 19. Be3 b4 20. axb4 Nxb4 21. Nxc5 dxc5 22. Rh3 Nc6 23. h5 Bf8 24. Rf1 Rcd8 25. hxg6 fxg6 26. f5 Nd4 27. Qc4 gxf5 28. exf5 Bxg2+ 29. Kxg2 Nxc2 30. fxe6 Nxe3+ 31. Rxe3 Rd4 32. Qe2 Qc6+ 33. Kg1 Rh4 34. Ref3 Bg7 35. Qd3 Bd4+ 36. Kg2 Rg4+ 37. Kh1 Rxg5 38. Ne4 Rh5+ 39. Kg2 Qxe6 40. Rg3+ Kh8 41. Qf3 Qh6 42. Nf2 Rh2+ 43. Kg1 Bxf2+ 44. Rxf2 Re1+ 45. Rf1 Rxf1+ 46. Kxf1 Qc1+ 47. Qd1 {normal} 0-1

[Event "GER-ch Youth U14w 2019"]
[Site "Willingen"]
[Date "2019.06.15"]
[Round "9.8"]
[White "Kalina, Lena"]
[Black "Schmidt, Pauline"]
[Result "1/2-1/2"]
[ECO "E12"]
[WhiteElo "1687"]
[BlackElo "1620"]
[Annotator "NA"]
[PlyCount "95"]
[EventDate "2019.06.07"]
[EventType "swiss"]
[EventRounds "9"]
[EventCountry "GER"]
[SourceTitle "playchess.com"]
[Source "ChessBase"]
[SourceQuality "1"]
[TimeControl "40/5400+30:1800+30"]

1. d4 Nf6 2. c4 e6 3. Nf3 b6 4. a3 Bb7 5. Nc3 d5 6. cxd5 Nxd5 7. Bd2 Be7 8. Qc2 O-O 9. e4 Nxc3 10. Bxc3 c5 11. Rd1 Qc7 12. dxc5 Bxc5 13. Bd3 Nc6 14. O-O Rac8 15. b4 Be7 16. Qb2 f6 17. Rc1 Qb8 18. Bc4 Nd8 19. Qe2 Qa8 20. Rfe1 Kh8 21. Bb3 e5 22. Nh4 g6 23. Qg4 Rc7 24. Re3 Bc8 25. Qg3 Bd6 26. Rd1 Nb7 27. Bd5 Rd8 28. Red3 Qb8 29. Nf3 Re7 30. Bb3 Qc7 31. Nd2 b5 32. Nf1 Qd7 33. Ne3 Ree8 34. f3 Qe7 35. Nd5 Qf8 36. Qf2 a5 37. Kh1 axb4 38. axb4 Be6 39. Qb6 Rb8 40. Qf2 Bxd5 41. Bxd5 Bxb4 42. Bc6 Rec8 43. Bxb4 Qxb4 44. Bd5 Nc5 45. R3d2 Na4 46. Be6 Re8 47. Bf7 Rf8 48. Rd7 {[%emt 0:03:16] normal} 1/2-1/2

[Event "GER-ch Youth U14w 2019"]
[Site "Willingen"]
[Date "2019.06.15"]
[Round "9.9"]
[White "Oswald, Hannah"]
[Black "Zoellner, Bente"]
[Result "0-1"]
[ECO "B32"]
[WhiteElo "1632"]
[BlackElo "1530"]
[Annotator "NA"]
[PlyCount "39"]
[EventDate "2019.06.07"]
[EventType "swiss"]
[EventRounds "9"]
[EventCountry "GER"]
[SourceTitle "playchess.com"]
[Source "ChessBase"]
[SourceQuality "1"]
[TimeControl "40/5400+30:1800+30"]

1. e4 c5 2. Nf3 Nc6 3. d4 cxd4 4. Nxd4 e5 5. Nb5 d6 6. c4 Be7 7. Be2 Be6 8. Be3 Nf6 9. N1c3 a6 10. Na3 O-O 11. O-O Ne8 12. Bg4 Bg5 13. Bc1 Bxc1 14. Rxc1 Bxg4 15. Qxg4 Nf6 16. Qe2 Nd4 17. Qd2 Nh5 18. Nc2 Nf4 19. Kh1 Qg5 20. g3 {[%emt 0:11:01] normal} 0-1

[Event "GER-ch Youth U14w 2019"]
[Site "Willingen"]
[Date "2019.06.15"]
[Round "9.10"]
[White "Wagner, Margarethe"]
[Black "Berghold, Lotta"]
[Result "1-0"]
[ECO "B00"]
[WhiteElo "1741"]
[BlackElo "1471"]
[Annotator "NA"]
[PlyCount "98"]
[EventDate "2019.06.07"]
[EventType "swiss"]
[EventRounds "9"]
[EventCountry "GER"]
[SourceTitle "playchess.com"]
[Source "ChessBase"]
[SourceQuality "1"]
[TimeControl "40/5400+30:1800+30"]

1. e4 b6 2. d4 Bb7 3. Bd3 e6 4. Nf3 Nf6 5. Qe2 d5 6. e5 Ne4 7. Nbd2 Nxd2 8. Bxd2 Nd7 9. Bg5 Be7 10. h4 h6 11. Bxe7 Qxe7 12. c3 c5 13. a3 c4 14. Bc2 b5 15. Qd2 a5 16. Rh3 Nf8 17. Ke2 Kd8 18. Rg3 g6 19. Qf4 Bc6 20. Ng1 Be8 21. Nh3 h5 22. Rf3 Nh7 23. g3 Ra7 24. Qh6 Qf8 25. Qxf8 Rxf8 26. Nf4 Rh8 27. Kd2 a4 28. Rg1 Nf8 29. g4 hxg4 30. Rxg4 Re7 31. Rh3 Nd7 32. Rg5 Rh6 33. Ke3 Rh8 34. Ng2 Rh6 35. Rf3 Rh8 36. Rfg3 Rh6 37. Rh3 Rh8 38. Nf4 Rh6 39. Kf3 Rh8 40. Kg2 Rh6 41. Bb1 Rh8 42. h5 gxh5 43. Rhxh5 Rxh5 44. Nxh5 Nb8 45. Nf6 Nc6 46. Kf1 Na5 47. Ke2 Nc6 48. Rg8 Nb8 49. Bh7 Nd7 {[%emt 0:00:00] normal} 1-0

[Event "GER-ch Youth U14w 2019"]
[Site "Willingen"]
[Date "2019.06.15"]
[Round "9.12"]
[White "Sinner, Joselyne"]
[Black "Albayrak, Nese Pinar"]
[Result "1-0"]
[ECO "C48"]
[WhiteElo "1521"]
[BlackElo "1530"]
[Annotator "NA"]
[PlyCount "78"]
[EventDate "2019.06.07"]
[EventType "swiss"]
[EventRounds "9"]
[EventCountry "GER"]
[SourceTitle "playchess.com"]
[Source "ChessBase"]
[SourceQuality "1"]
[TimeControl "40/5400+30:1800+30"]

1. e4 e5 2. Nf3 Nc6 3. Nc3 Nf6 4. Bb5 Bd6 5. O-O a6 6. Ba4 O-O 7. Re1 Re8 8. d3 h6 9. h3 b5 10. Bb3 Bc5 11. Be3 Bxe3 12. fxe3 Na5 13. Qd2 Bb7 14. Rf1 Nxb3 15. axb3 c6 16. Qf2 d5 17. exd5 cxd5 18. Nh4 d4 19. exd4 Qxd4 20. Qxd4 exd4 21. Na2 Nd5 22. Rae1 Ne3 23. Rf2 Rac8 24. c3 dxc3 25. bxc3 Nd5 26. Rxe8+ Rxe8 27. Nf3 Re3 28. Rd2 Nf4 29. Nc1 Bxf3 30. Kf2 Nxg2 31. c4 bxc4 32. bxc4 Bb7 33. d4 Rc3 34. Ne2 Rxc4 35. d5 Nf4 36. Nxf4 Rxf4+ 37. Kg3 Rc4 38. d6 Rc8 39. Kf4 Rd8 {[%emt 0:01:07] normal} 1-0